PCL
DISTRICT 9 PRAWNS @ MEXICO CITY CERVECEROS
08/22/2023
 
TOP OF THE 1ST
District 9 Prawns batting - Pitching for Mexico City Cerveceros : RHP Thomas Hughes
Pitching: RHP Thomas Hughes
Batting: LHB Enrique Nalasco 0-0: Hit by Pitch
Batting: RHB Marcos Moreno 0-0: Ball
1-0: Called Strike
1-1: Foul Ball, location: 2F
1-2: Strikes out swinging
Batting: LHB Leland Hardy 0-0: Called Strike
Enrique Nalasco steals 2nd base
0-1: Ball
1-1: Ball
2-1: Foul Ball, location: 2F
2-2: Ball
3-2: Strikes out swinging
Batting: LHB Ryan Hensley 0-0: Called Strike
0-1: Foul Ball, location: 2F
0-2: Strikes out swinging
Top of the 1st over - 0 run(s), 0 hit(s), 0 error(s), 1 left on base; District 9 0 - Mexico City 0
BOTTOM OF THE 1ST
Mexico City Cerveceros batting - Pitching for District 9 Prawns : LHP David Jackson
Pitching: LHP David Jackson
Batting: LHB Eduardo Gómez 0-0: Ground out 4-3 (Groundball, 34)
Batting: RHB Robert Johnson 0-0: Ball
1-0: Ball
2-0: Ground out 1-3 (Groundball, 13)
Batting: LHB Tony Abete 0-0: Foul Ball, location: 2F
0-1: Ball
1-1: Ground out 6-3 (Groundball, 56)
Bottom of the 1st over - 0 run(s), 0 hit(s), 0 error(s), 0 left on base; District 9 0 - Mexico City 0
TOP OF THE 2ND
District 9 Prawns batting - Pitching for Mexico City Cerveceros : RHP Thomas Hughes
Batting: RHB Mal Snyder 0-0: Ball
1-0: Foul Ball, location: 2F
1-1: Ball
2-1: Swinging Strike
2-2: Foul Ball, location: 2F
2-2: Strikes out swinging
Batting: RHB Alfredo Cortéz 0-0: Called Strike
0-1: Ball
1-1: Swinging Strike
1-2: Foul Ball, location: 2F
1-2: Ball
2-2: Foul Ball, location: 2F
2-2: Fly out, F9 (Flyball, 89D)
Batting: RHB Lúcio García 0-0: Called Strike
0-1: Ball
1-1: Ball
2-1: Ball
3-1: Base on Balls
Batting: RHB Bill Beck 0-0: Ball
1-0: Foul Ball, location: 2F
1-1: Swinging Strike
1-2: Ball
2-2: Strikes out swinging
Top of the 2nd over - 0 run(s), 0 hit(s), 0 error(s), 1 left on base; District 9 0 - Mexico City 0
BOTTOM OF THE 2ND
Mexico City Cerveceros batting - Pitching for District 9 Prawns : LHP David Jackson
Batting: RHB Dave Morgan 0-0: Called Strike
0-1: Ball
1-1: Foul Ball, location: 2F
1-2: Foul Ball, location: 2F
1-2: Foul Ball, location: 2F
1-2: Ball
2-2: Ground out 5-3 (Groundball, 5S)
Batting: LHB Chad Weaver 0-0: Foul Ball, location: 2F
0-1: Ball
1-1: Foul Ball, location: 2F
1-2: Foul Ball, location: 2F
1-2: Ball
2-2: Ball
3-2: SINGLE (Groundball, 34D)
Batting: RHB Reynold Akker 0-0: Called Strike
0-1: Ball
1-1: Foul Ball, location: 2F
1-2: SINGLE (Line Drive, 6MD)
Chad Weaver to second
Batting: LHB Víctor Carrillo 0-0: Grounds into double play, 4-6-3 (Groundball, 4)
Bottom of the 2nd over - 0 run(s), 2 hit(s), 0 error(s), 1 left on base; District 9 0 - Mexico City 0
TOP OF THE 3RD
District 9 Prawns batting - Pitching for Mexico City Cerveceros : RHP Thomas Hughes
Batting: RHB Manuel Cortéz 0-0: Fly out, F7 (Flyball, 7M)
Batting: LHB Enrique Nalasco 0-0: Swinging Strike
0-1: Ball
1-1: Ball
2-1: Called Strike
2-2: Strikes out swinging
Batting: RHB Marcos Moreno 0-0: Ball
1-0: Swinging Strike
1-1: Ball
2-1: Foul Ball, location: 2F
2-2: Strikes out looking
Top of the 3rd over - 0 run(s), 0 hit(s), 0 error(s), 0 left on base; District 9 0 - Mexico City 0
BOTTOM OF THE 3RD
Mexico City Cerveceros batting - Pitching for District 9 Prawns : LHP David Jackson
Batting: RHB Roberto Zamora 0-0: Called Strike
0-1: SOLO HOME RUN (Flyball, 8RXD), Distance : 428 ft
Batting: LHB Javier Escobedo 0-0: Ball
1-0: Foul Ball, location: 2F
1-1: Foul Ball, location: 2F
1-2: Ball
2-2: Ground out 6-3 (Groundball, 6)
Batting: LHB Eduardo Gómez 0-0: SINGLE (Line Drive, 4MD)
Batting: RHB Robert Johnson 0-0: Called Strike
0-1: Ball
1-1: Foul Ball, location: 2F
1-2: Grounds into double play, 4-6-3 (Groundball, 4M)
Bottom of the 3rd over - 1 run(s), 2 hit(s), 0 error(s), 0 left on base; District 9 0 - Mexico City 1
TOP OF THE 4TH
District 9 Prawns batting - Pitching for Mexico City Cerveceros : RHP Thomas Hughes
Batting: LHB Leland Hardy 0-0: Reached on Error, E6 (Popup, 6)
Batting: LHB Ryan Hensley 0-0: Called Strike
0-1: Ball
1-1: Called Strike
1-2: Strikes out looking
Batting: RHB Mal Snyder 0-0: Ball
Leland Hardy steals 2nd base
1-0: Ball
2-0: Fly out, F6 (Popup, 6MD)
Batting: RHB Alfredo Cortéz 0-0: Ground out U3 (Groundball, 3)
Top of the 4th over - 0 run(s), 0 hit(s), 1 error(s), 1 left on base; District 9 0 - Mexico City 1
BOTTOM OF THE 4TH
Mexico City Cerveceros batting - Pitching for District 9 Prawns : LHP David Jackson
Batting: LHB Tony Abete 0-0: Ball
1-0: Foul Ball, location: 2F
1-1: Ground out 4-3 (Groundball, 4)
Batting: RHB Dave Morgan 0-0: Foul Ball, location: 2F
0-1: Called Strike
0-2: Strikes out swinging
Batting: LHB Chad Weaver 0-0: Foul Ball, location: 2F
0-1: Ball
1-1: DOUBLE (Line Drive, 34)
Batting: RHB Reynold Akker 0-0: Called Strike
0-1: Ball
1-1: Fly out, F7 (Flyball, 78D)
Bottom of the 4th over - 0 run(s), 1 hit(s), 0 error(s), 1 left on base; District 9 0 - Mexico City 1
TOP OF THE 5TH
District 9 Prawns batting - Pitching for Mexico City Cerveceros : RHP Thomas Hughes
Batting: RHB Lúcio García 0-0: Ball
1-0: Ball
2-0: Ball
3-0: Called Strike
3-1: Base on Balls
Batting: RHB Bill Beck 0-0: Ball
1-0: SINGLE (Line Drive, 8LS)
Lúcio García to second
Batting: RHB Manuel Cortéz 0-0: Ball
Lúcio García steals 3rd base
Bill Beck to second
1-0: Ground out 6-3 (Groundball, 6)
Lúcio García scores
Batting: LHB Enrique Nalasco 0-0: Ball
1-0: Ball
2-0: Ball
3-0: Called Strike
3-1: Base on Balls
Batting: RHB Marcos Moreno 0-0: Ball
1-0: Ball
2-0: SINGLE (Line Drive, 89M)
Bill Beck to third
Enrique Nalasco to second
Batting: LHB Leland Hardy 0-0: Called Strike
0-1: Ball
1-1: Foul Ball, location: 2F
1-2: Strikes out swinging
Batting: LHB Ryan Hensley 0-0: Ball
1-0: Ball
2-0: Ball
3-0: Base on Balls
Bill Beck scores
Enrique Nalasco to third
Marcos Moreno to second
Batting: RHB Mal Snyder 0-0: Called Strike
0-1: Called Strike
0-2: Strikes out looking
Top of the 5th over - 2 run(s), 2 hit(s), 0 error(s), 3 left on base; District 9 2 - Mexico City 1
BOTTOM OF THE 5TH
Mexico City Cerveceros batting - Pitching for District 9 Prawns : LHP David Jackson
Batting: LHB Víctor Carrillo 0-0: Foul Ball, location: 2F
0-1: Ball
1-1: SINGLE (Line Drive, 9LS)
Batting: RHB Roberto Zamora 0-0: Ground out 5-3 (Groundball, 56S)
Víctor Carrillo to second
Batting: LHB Javier Escobedo 0-0: Ball
1-0: Called Strike
1-1: Ball
2-1: 2-RUN HOME RUN (Flyball, 8RD), Distance : 412 ft
Batting: LHB Eduardo Gómez 0-0: Called Strike
0-1: Swinging Strike
0-2: Ball
1-2: Ground out 4-3 (Groundball, 4)
Batting: RHB Robert Johnson 0-0: Ball
1-0: Ball
2-0: Ball
3-0: Called Strike
3-1: Ground out 6-3 (Groundball, 6M)
Bottom of the 5th over - 2 run(s), 2 hit(s), 0 error(s), 0 left on base; District 9 2 - Mexico City 3
TOP OF THE 6TH
District 9 Prawns batting - Pitching for Mexico City Cerveceros : RHP Thomas Hughes
Batting: RHB Alfredo Cortéz 0-0: Ball
1-0: Ball
2-0: Foul Ball, location: 2F
2-1: Swinging Strike
2-2: Foul Ball, location: 2F
2-2: Ball
3-2: Fly out, F9 (Flyball, 89M)
Batting: RHB Lúcio García 0-0: Foul Ball, location: 2F
0-1: Swinging Strike
0-2: Ball
1-2: Ball
2-2: Foul Ball, location: 2F
2-2: Ball
3-2: Strikes out looking
Batting: RHB Bill Beck 0-0: Ball
1-0: Foul Ball, location: 2F
1-1: Ball
2-1: Ball
3-1: Ground out 1-3 (Groundball, 25)
Top of the 6th over - 0 run(s), 0 hit(s), 0 error(s), 0 left on base; District 9 2 - Mexico City 3
BOTTOM OF THE 6TH
Mexico City Cerveceros batting - Pitching for District 9 Prawns : LHP David Jackson
Batting: LHB Tony Abete 0-0: Ball
1-0: Ball
2-0: Called Strike
2-1: Called Strike
2-2: Strikes out swinging
Batting: RHB Dave Morgan 0-0: Ball
1-0: Ball
2-0: Ball
3-0: Base on Balls
Batting: LHB Chad Weaver 0-0: Ball
1-0: Called Strike
1-1: Foul Ball, location: 2F
1-2: Fielders Choice at 2nd, 3-6 (Groundball, 3)
Batting: RHB Reynold Akker 0-0: Ball
Chad Weaver steals 2nd base
1-0: Ball
2-0: Ball
3-0: Called Strike
3-1: Base on Balls
Batting: LHB Víctor Carrillo 0-0: Ball
1-0: Swinging Strike
1-1: SINGLE (Line Drive, 56)
Chad Weaver to third
Reynold Akker to second
Batting: RHB Roberto Zamora 0-0: Called Strike
0-1: Ball
1-1: Swinging Strike
1-2: Foul Ball, location: 2F
1-2: Ball
2-2: Foul Ball, location: 2F
2-2: Strikes out swinging
Bottom of the 6th over - 0 run(s), 1 hit(s), 0 error(s), 3 left on base; District 9 2 - Mexico City 3
TOP OF THE 7TH
District 9 Prawns batting - Pitching for Mexico City Cerveceros : RHP Thomas Hughes
Pitching: RHP Glen Brewer
Batting: RHB Manuel Cortéz 0-0: Called Strike
0-1: Ball
1-1: SINGLE (Groundball, 56D)
Batting: LHB Enrique Nalasco 0-0: Ball
1-0: Ball
2-0: Ball
3-0: Called Strike
3-1: Base on Balls
Manuel Cortéz to second
Pinch Hitting: LHB Scott MacDonald 0-0: Ball
1-0: Ball
2-0: Sac Bunt - play at first, batter OUT! 1-4
Manuel Cortéz to third
Enrique Nalasco to second
Batting: LHB Leland Hardy 0-0: Ball
1-0: Foul Ball, location: 2F
1-1: Foul Ball, location: 2F
1-2: Fly out, F5 (Popup, 56S)
Batting: LHB Ryan Hensley 0-0: Ground out 4-3 (Groundball, 4)
Top of the 7th over - 0 run(s), 1 hit(s), 0 error(s), 2 left on base; District 9 2 - Mexico City 3
BOTTOM OF THE 7TH
Mexico City Cerveceros batting - Pitching for District 9 Prawns : LHP David Jackson
Pitching: RHP António García
Now at 2B: Finley Frogley
Batting: LHB Javier Escobedo 0-0: Ground out 4-3 (Groundball, 13)
Batting: LHB Eduardo Gómez 0-0: Swinging Strike
0-1: Fly out, F7 (Flyball, 7M)
Batting: RHB Robert Johnson 0-0: SINGLE (Line Drive, 34D)
Batting: LHB Tony Abete 0-0: Ball
1-0: Ball
2-0: Ball
3-0: Called Strike
3-1: Base on Balls
Robert Johnson to second
Batting: RHB Dave Morgan 0-0: Ball
1-0: Foul Ball, location: 2F
1-1: Ball
2-1: Swinging Strike
2-2: Ball
3-2: Foul Ball, location: 2F
3-2: Ground out 6-3 (Groundball, 6)
Bottom of the 7th over - 0 run(s), 1 hit(s), 0 error(s), 2 left on base; District 9 2 - Mexico City 3
TOP OF THE 8TH
District 9 Prawns batting - Pitching for Mexico City Cerveceros : RHP Glen Brewer
Pitching: RHP Jared Cameron
Batting: RHB Mal Snyder 0-0: Ball
1-0: Ball
2-0: Ball
3-0: Called Strike
3-1: Foul Ball, location: 2F
3-2: Base on Balls
Batting: RHB Alfredo Cortéz 0-0: Sac Bunt - play at first, batter OUT! 1-4
Mal Snyder to second
Batting: RHB Lúcio García 0-0: Called Strike
0-1: Ball
1-1: Ball
2-1: Called Strike
2-2: Strikes out swinging
Pinch Hitting: LHB Brian Roy 0-0: Called Strike
0-1: Swinging Strike
0-2: Ball
1-2: Foul Ball, location: 2F
1-2: Ground out 4-3 (Groundball, 4)
Top of the 8th over - 0 run(s), 0 hit(s), 0 error(s), 1 left on base; District 9 2 - Mexico City 3
BOTTOM OF THE 8TH
Mexico City Cerveceros batting - Pitching for District 9 Prawns : RHP António García
Now at 3B: Tony Guzmán
Batting: LHB Chad Weaver 0-0: Ground out 5-3 (Groundball, 56)
Batting: RHB Reynold Akker 0-0: Called Strike
0-1: Ball
1-1: Hit by Pitch
Pinch Hitting: LHB Luka Lagerweij 0-0: Called Strike
0-1: SINGLE (Line Drive, 34)
Reynold Akker to second
Throwing error, E9
Reynold Akker scores
Luka Lagerweij to second
Batting: RHB Roberto Zamora 0-0: Ball
1-0: Called Strike
1-1: Ball
2-1: Foul Ball, location: 2F
2-2: 2-RUN HOME RUN (Flyball, 78XD), Distance : 410 ft
Pitching: RHP Juan Cervantes
Batting: LHB Javier Escobedo 0-0: Ball
1-0: Called Strike
1-1: Ball
2-1: Ball
3-1: Called Strike
3-2: Strikes out swinging
Batting: LHB Eduardo Gómez 0-0: Ball
1-0: Ground out 4-3 (Groundball, 13)
Bottom of the 8th over - 3 run(s), 2 hit(s), 1 error(s), 0 left on base; District 9 2 - Mexico City 6
TOP OF THE 9TH
District 9 Prawns batting - Pitching for Mexico City Cerveceros : RHP Jared Cameron
Now in LF: Luka Lagerweij
Batting: RHB Manuel Cortéz 0-0: Ball
1-0: Foul Ball, location: 2F
1-1: Ball
2-1: Called Strike
2-2: Strikes out swinging
Pitching: RHP Howard Joyce
Batting: LHB Enrique Nalasco 0-0: Called Strike
0-1: Swinging Strike
0-2: SINGLE (Line Drive, 89S)
Batting: SHB Finley Frogley 0-0: Ball
1-0: Called Strike
1-1: Grounds into double play, 4-6-3 (Groundball, 4)
Top of the 9th over - 0 run(s), 1 hit(s), 0 error(s), 0 left on base; District 9 2 - Mexico City 6
This league is powered by Out of the Park Baseball, the baseball management simulation game for PC, Mac and Linux
Wednesday, December 2nd, 2015 - OOTP Baseball 16.8 Build 38